cohdb
Replays
Latest Replays
All Replays
Popular Replays
Top Player Replays
Match Explorer
How It Works
Community
CoH3 Stats
Reddit
Sign in to upload your games and track your stats! →
Sign in with Steam
Match 39520245
Unlisted
Match 39520245
Overview
Messages
Build Orders
End
Engineer Squad
Engineer Squad
Selects Armored Battlegroup
Selects Assault Engineers
Construct Weapon Support Center
M1919 Machine Gun Team
Construct Barracks
Riflemen Squad
Construct Medical Station
M1 Mortar Team
Grenade Package
Riflemen Squad
Bazooka Squad
Air Support Center
Double Sortie
Improved Aircraft Armor
M1918 Browning Automatic Rifles
P-47 Strafing Run
Improved M9 Bazooka Rockets
Bazooka Squad
P-47 Strafing Run
P-47 Dive Bomb
Selects Strength in Steel
Selects M8 Scott SPG
chokladkopp
A Sad Kitty
RedSavage
Kanade
Bert1e
猫凪紗
0
0
Comments
sign in to comment!
No comments posted yet!